 Dungeon Crawl Stone Soup version 0.29.0-13-gc9e81de378 (webtiles) character file.

Game seed: 4030565158914361239

1545 freelancePsychic the Basher (level 9, -13/75 HPs)
             Began as a Meteoran Ice Elementalist on Sept 10, 2022.
             Was a Believer of Okawaru.
             Mangled by an ogre
             ... wielding a +0 halberd
              (20 damage)
             ... in a bailey.
             The game lasted 00:13:10 (1520 turns).

freelancePsychic the Basher (MeIE)                  Turns: 1520, Time: 00:13:11

Health: -13/75     AC: 11    Str: 12    XL:     9   Next: 33%
Magic:  6/14       EV: 16    Int: 19    God:    Okawaru [**....]
Gold:   88         SH:  0    Dex: 15    Spells: 6/13 levels left

rFire   . . .      SeeInvis .   e - +2 flail (drain)
rCold   . . .      Faith    .   p - orb {light}
rNeg    . . .      Spirit   .   a - +0 robe
rPois   .          Reflect  .   (no helmet)
rElec   .          Harm     .   (no cloak)
rCorr   +          Rampage  .   (no gloves)
Will    ++...                   (no boots)
Stlth   ++........              (no amulet)
HPRegen 0.22/turn               l - ring of willpower
MPRegen 0.14/turn               k - ring of resist corrosion

@: ice-armoured, heroic, freezing walls, attractive, glowing
A: sense surroundings 2, otherworldly, glowing, explore regen, iridescent scales
1
a: Renounce Religion, Heroism


You were in a bailey.
You worshipped Okawaru.
Okawaru was pleased with you.
You visited 2 branches of the dungeon, and saw 11 of its levels.
You also visited: Ossuary and Bailey.

You collected 88 gold pieces.

Inventory:

Hand Weapons
 e - a +2 flail of draining (weapon)
 f - a +0 short sword of protection
Armour
 a - a +0 robe (worn)
 p - an orb of light (worn)
Jewellery
 k - a ring of resist corrosion (right hand)
 l - a ring of willpower (left hand)
Scrolls
 h - 2 scrolls of amnesia
 i - a scroll of brand weapon
 m - a scroll of identify {@r1}
 r - 2 scrolls of poison
Potions
 b - 2 potions of magic
 j - a potion of invisibility
 n - a potion of flight {unknown}
 q - a potion of attraction


   Skills:
 + Level 6.0(11.0) Fighting
 * Level 9.2(14.2) Maces & Flails
 + Level 3.0(8.0) Dodging
 - Level 1.4(6.4) Stealth
 - Level 2.6 Spellcasting
 - Level 6.0 Ice Magic
 - Level 5.0 Invocations


You had 6 spell levels left.
You knew the following spells:

 Your Spells              Type           Power      Damage    Failure   Level
a - Freeze                Ice            100%       1d11      1%          1
b - Frozen Ramparts       Ice            50%        1d8       4%          3
c - Ozocubu's Armour      Ice            25%        N/A       4%          3

Your spell library contained the following spells:

 Spells                   Type           Power      Damage    Failure   Level
 Hailstorm                Conj/Ice       14%        3d5       41%         4
 Metabolic Englaciation   Hex/Ice        7%         N/A       77%         5
 Simulacrum               Ice/Necr       Unusable   N/A       N/A         6

Dungeon Overview and Level Annotations

Branches:
Dungeon (10/15) Zot: 4574  Temple (1/1) D:5 Zot: 582 Ossuary (visited)
 Bailey (1/1) Zot: 582
   Lair: D:8-11         Orc: D:9-12

Altars:
Cheibriados
Elyvilon
Fedhas
Gozag
Hepliaklqana
Nemelex Xobeh
Okawaru
Qazlal
Ru
Sif Muna
Uskayaw
The Shining One

Shops:
D:4 (   D:6 !

Annotations:
D:4 1 runed translucent door, lambentLogic's ghost, amateur KoEn


Innate Abilities, Weirdness & Mutations

You passively map the area around you.
You are easily found by Zot.
You glow in the dark.
You regain HP and MP as you explore.
You are partially covered in iridescent scales. (AC +2)


Message History

There is an empty arch of ancient stone here.
You enter the shallow water.
Moving in this stuff is going to be slow. 2 ogres come into view.
The ogre shouts! x2; You hear a shout!
The ogre hits you from afar with a +0 halberd!!
The ogre hits you from afar with a +0 halberd!!
You gain the combat prowess of a mighty hero.
The ogre barely misses you. The ogre misses you.
Casting: Ozocubu's Armour (dangerous; 4% risk of failure)
Confirm with . or Enter, or press ? or * to list all spells.
A film of ice covers your body!
Casting: Ozocubu's Armour (dangerous; 4% risk of failure)
Confirm with . or Enter, or press ? or * to list all spells.
Casting: Frozen Ramparts (dangerous; 4% risk of failure)
Press: ? - help, Dir - look around, f - activate This square is lit by a halo.
The walls around you are covered in ice.
The wall freezes the ogre.
The ogre closely misses you.
The ogre hits you from afar with a +0 halberd!
* * * LOW HITPOINT WARNING * * *
It was a potion of mutation.
You feel extremely strange.
Iridescent scales grow over part of your body.
An ogre comes into view. It is wielding a +0 halberd.
The wall freezes the ogre.
The ogre completely misses you.
The ogre hits you from afar with a +0 halberd!
* * * LOW HITPOINT WARNING * * *
Really read the scroll of immolation?
As you read the scroll of immolation, it crumbles to dust.
The creatures around you are filled with an inner flame!
The ogre shouts!
An ogre comes into view. It is wielding a +0 halberd.
You aren't carrying any items that you can evoke.
It was a potion of attraction.
You feel attractive to monsters.
The wall freezes the ogre!
Flame seeps out of the ogre.
The ogre hits you from afar with a +0 halberd.
* * * LOW HITPOINT WARNING * * *
The ogre hits you from afar with a +0 halberd!!
You die...

#######
###.....###
##.........#
##...........
*
#....∩...∩...
##...........
##..@......#
###~~~~~###
#OO~~~#
#~~~~~#
*#O......#
#.........#
#..♣♣#####..*
#..# , #O
#..# , ,,


You could see 4 ogres.

Vanquished Creatures
  3 yaks (D:9)
  A sky beast (D:7)
  A centaur (D:8)
  3 phantoms (D:9)
  2 bullfrogs
  A scorpion (D:7)
  2 troll zombies (D:9)
  4 howler monkeys
  A jelly (D:5)
  An orc priest (D:9)
  2 orc wizards (D:6)
  3 ogre zombies (D:9)
  2 mummies (Ossuary)
  3 gnolls (D:4)
  2 adders
  A shadow imp (D:6)
  An ufetubus (D:4)
  3 orcs
  4 ball pythons
  A bat (D:1)
  2 endoplasms
  2 goblins (D:3)
  2 hobgoblins (D:2)
  4 jackals (D:4)
  3 quokkas
  A frilled lizard (D:3)
  A goblin skeleton (D:9)
  A goblin zombie (D:9)
  A hobgoblin skeleton (D:9)
  3 hobgoblin zombies
  3 kobolds
  4 kobold zombies (Ossuary)
  8 orc zombies (D:9)
  2 rats (D:2)
78 creatures vanquished.

Vanquished Creatures (others)
  4 plants (D:5)
4 creatures vanquished.

Grand Total: 82 creatures vanquished

Notes
Turn   | Place    | Note
-------+----------+-------------------------------------------
     0 | D:1      | freelancePsychic the Meteoran Ice Elementalist began the
                  | quest for the Orb.
     0 | D:1      | Reached XP level 1. HP: 14/14 MP: 5/5
    82 | D:2      | Reached skill level 1 in Fighting
    82 | D:2      | Reached XP level 2. HP: 21/23 MP: 3/6
   144 | D:2      | Reached XP level 3. HP: 28/28 MP: 5/8
   148 | D:2      | Learned a level 3 spell: Frozen Ramparts
   205 | D:3      | Reached skill level 5 in Ice Magic
   325 | D:4      | Found Otibis's Antique Weapon Emporium.
   363 | D:4      | Noticed a howler monkey
   371 | D:4      | Killed a howler monkey
   372 | D:4      | Reached XP level 4. HP: 28/36 MP: 5/9
   469 | D:4      | Reached XP level 5. HP: 33/41 MP: 0/10
   516 | D:4      | Found a runed translucent door.
   521 | D:4      | Noticed lambentLogic's ghost (amateur KoEn)
   525 | D:4      | Found a sand-covered staircase.
   548 | Ossuary  | Entered an ossuary
   559 | Ossuary  | Learned a level 3 spell: Ozocubu's Armour
   586 | Ossuary  | Reached skill level 1 in Maces & Flails
   668 | D:5      | Entered Level 5 of the Dungeon
   690 | D:5      | Reached skill level 2 in Maces & Flails
   690 | D:5      | Reached XP level 6. HP: 45/51 MP: 6/11
   763 | D:5      | Found a staircase to the Ecumenical Temple.
   767 | Temple   | Entered the Ecumenical Temple
   774 | Temple   | Became a worshipper of Warmaster Okawaru
   824 | D:6      | Noticed an ice beast
   848 | D:6      | Found Eragirru's Distillery.
   856 | D:6      | Reached skill level 3 in Maces & Flails
   856 | D:6      | Reached skill level 1 in Invocations
   966 | D:7      | Noticed a sky beast
   974 | D:7      | Reached skill level 4 in Maces & Flails
   974 | D:7      | Reached XP level 7. HP: 58/58 MP: 6/12
   978 | D:7      | Reached * piety under Okawaru
   979 | D:7      | Reached skill level 5 in Maces & Flails
   998 | D:7      | Found a glowing golden altar of the Shining One.
  1131 | D:8      | Reached XP level 8. HP: 30/66 MP: 6/13
  1134 | D:8      | Reached skill level 6 in Maces & Flails
  1300 | D:9      | Noticed a yak
  1301 | D:9      | Noticed a yak
  1317 | D:9      | Killed a yak
  1317 | D:9      | Reached ** piety under Okawaru
  1320 | D:9      | Killed a yak
  1321 | D:9      | Reached skill level 5 in Fighting
  1321 | D:9      | Reached skill level 7 in Maces & Flails
  1344 | D:9      | Reached skill level 5 in Invocations
  1354 | D:9      | Noticed a yak
  1363 | D:9      | Killed a yak
  1364 | D:9      | Reached skill level 8 in Maces & Flails
  1364 | D:9      | Gained mutation: You passively map the area around you.
                  | [Meteoran growth]
  1364 | D:9      | Reached XP level 9. HP: 22/75 MP: 5/14
  1389 | D:9      | Reached skill level 9 in Maces & Flails
  1459 | D:10     | Entered Level 10 of the Dungeon
  1477 | D:10     | Found a snail-covered altar of Cheibriados.
  1497 | D:10     | Found a flagged portal.
  1506 | Bailey   | Entered a bailey
  1518 | Bailey   | Gained mutation: You are partially covered in iridescent
                  | scales. (AC +2) [potion of mutation]
  1520 | Bailey   | Mangled by an ogre

Illustrated notes

Levels and vault maps discovered:
D:1:      giann_forest_graveyard, layout_basic,
          hellmonk_ecumenical_altar_zigzags, hangedman_decor_clover_reticule
D:2:      layout_basic, basic_altar
D:3:      layout_basic, grunt_ministairs_10
D:4:      layout_layer_cave, lightli_ossuary_entry_decrepit_ruins,
          ebering_ghost_sewer_f, serial_shops, nicolae_square_shop,
          portal_sewer_entry_e, uniq_edmund
D:5:      layout_layer_cave, minmay_temple_entry_glassed_door, serial_bayou,
          serial_bayou_pond_c, serial_bayou_pond_a, serial_bayou_pond_e,
          serial_bayou_ford_a, cheibrodos_gnoll_hut
D:6:      layout_basic, serial_shops, shop
D:7:      layout_loops_ring, mainiacjoe_overflow_paths,
          ebering_ghost_reflecting_pool
D:8:      layout_cave_pools
D:9:      layout_basic, lair_entry_dummy, zombieorc1_lemuel
D:10:     layout_roguey, lemuel_doored_altar, cheibrodos_worm_habitat,
          serial_shops, shop, enter_bailey_2, hangedman_abyss_or_decor_passed
Temple:   nicolae_temple_bog_church
Bailey:   bailey_polearm_enchanted_keep_hellmonk, bailey

Skill      XL: |  1  2  3  4  5  6  7  8  9 |
---------------+----------------------------+-----
Fighting       | 1 2 3 4 5 6 |  6.0
Ice Magic      | 5 6 |  6.0
Maces & Flails | 2 4 5 8 9 |  9.2
Invocations    | 2 3 5 |  5.0
Dodging        | 3 |  3.0
Stealth        | |  1.4
Spellcasting   | |  2.6

Action                   |  1- 3 |  4- 6 |  7- 9 || total
-------------------------+-------+-------+-------++-------
Melee: Short sword       |     4 |    11 |       ||    15
       Flail             |       |    42 |   103 ||   145
 Cast: Freeze            |    23 |     6 |       ||    29
       Frozen Ramparts   |     1 |     9 |     7 ||    17
       Ozocubu's Armour  |       |     5 |    10 ||    15
Invok: Heroism           |       |       |     4 ||     4
  Use: Scroll            |     4 |     2 |     5 ||    11
       Potion            |       |     2 |     6 ||     8
Armor: Robe              |     1 |    44 |    28 ||    73
Dodge: Dodged            |    10 |    45 |    53 ||   108
